 Dungeon Crawl Stone Soup version 0.18.1-6-gd335043 (webtiles) character file.

84 NoLuckNoSkill the Cudgeler (level 4, -19/37 HPs)
             Began as a Demonspawn Chaos Knight on May 18, 2016.
             Engulfed by a cloud of flame (23 damage)
             ... on level 3 of the Dungeon.
             The game lasted 00:03:14 (1754 turns).

NoLuckNoSkill the Cudgeler (DsCK)                   Turns: 1754, Time: 00:03:16

Health: -19/37     AC:  7    Str: 16    XL:     4   Next: 23%
Magic:  4/4        EV: 17    Int: 18    God:    Xom [....*.]
Gold:   148        SH:  0    Dex: 17    Spells: 0 memorised, 3 levels left

rFire  . . .     SeeInvis .     a - +0 mace (chaos)
rCold  . . .     Gourm    .     B - +0 leather armour
rNeg   . . .     Faith    .     (no shield)
rPois  +         Spirit   .     (helmet restricted)
rElec  .         Dismiss  .     j - +2 cloak
rCorr  .         Reflect  .     h - +0 pair of gloves
SustAt .         Harm     .     (no boots)
MR     .....                    (no amulet)
Stlth  ++........               (no ring)
                                y - ring of poison resistance

@: brilliant, agile, very slightly contaminated, invisible, not resistant to
hostile enchantments, unstealthy
A: horns 2, powered by pain 1, strong 1
a: Renounce Religion


You were on level 3 of the Dungeon.
You worshipped Xom.
You were a beloved toy of Xom.
You were not hungry.

You visited 1 branch of the dungeon, and saw 3 of its levels.

You collected 148 gold pieces.

Inventory:

Hand Weapons
 a - a +0 mace of chaos (weapon)
Armour
 b - a +2 leather armour
 h - a +0 pair of gloves (worn)
 j - a +2 cloak (worn)
 r - a +0 buckler
 B - a +0 leather armour (worn)
Jewellery
 y - a ring of poison resistance (left hand)
Scrolls
 u - a scroll of identify
 x - a scroll of fog
Comestibles
 c - 3 bread rations
 f - a fruit
 g - a royal jelly
 k - a slice of pizza
 t - a chunk of flesh


   Skills:
 + Level 3.7 Fighting
 * Level 3.8 Maces & Flails
 - Level 1.7 Armour
 + Level 1.5 Dodging
 + Level 0.5 Shields


You had 3 spell levels left.
You didn't know any spells.

Dungeon Overview and Level Annotations

Branches:
Dungeon (3/15)

Altars:
Ru


Innate Abilities, Weirdness & Mutations

You have a pair of horns on your head.
You sometimes gain a little power by taking damage.
Your muscles are strong. (Str +2)


Message History

As you read the scroll labeled MELUXZU ANAEROLECU, it crumbles to dust.
It is a scroll of amnesia.
You feel forgetful for a moment.
Read which item? (? for menu, Esc to quit)
As you read the scroll labeled SAPNONGUKH, it crumbles to dust.
The creatures around you are filled with an inner flame!
It was a scroll of immolation.
Read which item? (? for menu, Esc to quit)
As you read the scroll labeled MIJYITR HODEYC, it crumbles to dust.
It is a scroll of identify.
Identify which item? (\ to view known items) (? for menu, Esc to quit)
x - a scroll of fog You hit the goblin.
The goblin explodes!
The fiery explosion engulfs you!
Ouch! That really hurt!
* * * LOW HITPOINT WARNING * * *
Ouch! That really hurt!
You die...
Xom cackles wildly!

#####........#*,*##.≈PP≈≈♣≈≈
##.......#*,* ###.P.PP*≈
#.....#.#*,* *....P≈≈
#..#.##.#*,* ****,*,≈
#..#.#*.#*,* *,,,,
#..#.#*.##.###*****,,,*
#..#.##.......,,>,,,,,*
#.....§##...##*****,*,*
#...).@§§.....,,,,,,,,,
####..§§§.....,,,,,,***
###(.......,,,,,,*
####..<##******* *####


There were no monsters in sight!

Vanquished Creatures
  3 adders
  An ooze (D:1)
  2 worms
  3 dart slugs
  2 giant cockroaches
  5 hobgoblins
  A quokka (D:3)
  7 bats
  2 giant newts
  4 goblins
  5 kobolds
  6 rats
41 creatures vanquished.

Notes
Turn   | Place    | Note
--------------------------------------------------------------
     0 | D:1      | NoLuckNoSkill the Demonspawn Chaos Knight began the quest for the Orb.
     0 | D:1      | Reached XP level 1. HP: 18/18 MP: 1/1
   328 | D:1      | Gained mutation: You have a pair of small horns on your head. [demonic ancestry]
   328 | D:1      | Reached XP level 2. HP: 24/24 MP: 2/2
   575 | D:1      | XOM: divination: detect items
   703 | D:2      | XOM: harmless Conj miscast
   729 | D:2      | Gained mutation: You have a pair of horns on your head. [demonic ancestry]
   729 | D:2      | Reached XP level 3. HP: 26/29 MP: 3/3
  1257 | D:2      | XOM: god gift: club {god gift}
  1307 | D:2      | Reached skill level 1 in Dodging
  1479 | D:3      | XOM: mild Erth miscast
  1490 | D:3      | Gained mutation: You sometimes gain a little power by taking damage. [demonic ancestry]
  1490 | D:3      | Reached XP level 4. HP: 32/36 MP: 4/4
  1547 | D:3      | Found a sacrificial altar of Ru.
  1624 | D:3      | XOM: 2-stop teleportation journey
  1741 | D:3      | Gained mutation: Your muscles are strong. (Str +2) [potion of beneficial mutation]
  1754 | D:3      | Engulfed by a cloud of flame

Skill      XL: |  1  2  3 |
---------------+----------+-----
Maces & Flails | 3 |  3.8
Dodging        | 1 |  1.5
Fighting       | |  3.7
Armour         | |  1.7
Shields        | |  0.5

Action                   |  1- 3 |  4- 6 || total
-------------------------+-------+-------++-------
Melee: Mace              |    81 |    25 ||   106
       Headbutt          |     8 |     5 ||    13
  Use: Scroll            |       |     9 ||     9
       Potion            |       |     6 ||     6
 Stab: Confused          |     2 |       ||     2
  Eat: Chunk             |     1 |     2 ||     3
Armor: Leather armour    |    39 |    17 ||    56
Dodge: Dodged            |    47 |    14 ||    61
